 Dungeon Crawl Stone Soup version 0.19-a0-733-geeb8733 (webtiles) character file.

48 Ebgish the Shield-Bearer (level 4, -3/36 HPs)
             Began as a Formicid Fighter on June 22, 2016.
             Killed from afar by Natasha (6 damage)
             ... with a wand of flame
             ... on level 2 of the Dungeon.
             The game lasted 00:02:04 (1038 turns).

Ebgish the Shield-Bearer (Formicid Fighter)         Turns: 1038, Time: 00:02:05

Health: -3/36      AC:  9    Str: 27    XL:     4   Next: 0%
Magic:  4/4        EV:  8    Int:  7    God:
Gold:   62         SH: 10    Dex: 10    Spells: 0 memorised, 3 levels left

rFire  . . .     SeeInvis +     a - +0 war axe
rCold  . . .     Gourm    .     b - +0 scale mail
rNeg   . . .     Faith    .     c - +0 shield
rPois  .         Spirit   .     (helmet unavailable)
rElec  .         Dismiss  .     h - +0 cloak
rCorr  .         Reflect  .     (no gloves)
SustAt .         Harm     .     g - +0 pair of boots
MR     .....                    (no amulet)
Stlth  ..........               (no ring)
                                (no ring)

@: mighty, not resistant to hostile enchantments, extremely unstealthy
A: permanent stasis, dig shafts and tunnels, four strong arms, antennae 3
a: Dig, Shaft Self


You were on level 2 of the Dungeon.
You were not hungry.

You visited 1 branch of the dungeon, and saw 2 of its levels.

You collected 62 gold pieces.

Inventory:

Hand Weapons
 a - a +0 war axe (weapon)
Armour
 b - a +0 scale mail (worn)
 c - a +0 shield (worn)
 g - a +0 pair of boots (worn)
 h - a +0 cloak (worn)
Scrolls
 e - a scroll of identify {unknown}
Potions
 i - a potion of cancellation {unknown}
Comestibles
 f - a bread ration
 j - 2 chunks of flesh


   Skills:
 * Level 3.6 Fighting
 * Level 2.5 Axes
 * Level 3.7 Armour
 * Level 4.3 Shields


You had 3 spell levels left.
You didn't know any spells.

Dungeon Overview and Level Annotations

Branches:
Dungeon (2/15)

Altars:

Annotations:
D:2 Natasha


Innate Abilities, Weirdness & Mutations

You are under a permanent stasis effect.
You can dig through walls and to a lower floor.
Your four strong arms can wield two-handed weapons with a shield.
You have a pair of large antennae on your head. (SInv)


Message History

You block Natasha's attack. You block the adder's attack.
Natasha zaps a wand.
The puff of flame hits you!
* * * LOW HITPOINT WARNING * * *
It is a wand of flame.
You take 7 damage, and have 8/36 hp.
You feel very mighty all of a sudden. You block the adder's attack.
Natasha stares at you and mumbles some strange words.
The magic dart hits you!
* * * LOW HITPOINT WARNING * * *
You take 5 damage, and have 3/36 hp.
You slash Natasha! You closely miss the adder. The adder bites you.
* * * LOW HITPOINT WARNING * * *
Natasha claws you but does no damage. You block the adder's attack.
You closely miss Natasha. You barely miss the adder.
You block the adder's attack.
Natasha zaps a wand.
The puff of flame hits you!
You die...

....... ......
.....#
....#..#.
#.......
#.w##..#.#
#Sh##..#.#
#.@##..#.## .
#.###.....#..
#............
#....<....#.#
+............
#....รท......#
#............
#.....##.....
#...... .....


You could see a worm, Natasha and an adder.

Vanquished Creatures
  Ijyb (D:2)
  An adder (D:2)
  A dart slug (D:1)
  2 bats (D:1)
  A giant cockroach (D:1)
  A hobgoblin (D:1)
  2 jackals (D:1)
  3 giant newts
  A kobold (D:1)
  A rat (D:2)
14 creatures vanquished.

Notes
Turn   | Place    | Note
--------------------------------------------------------------
     0 | D:1      | Ebgish the Formicid Fighter began the quest for the Orb.
     0 | D:1      | Reached XP level 1. HP: 18/18 MP: 1/1
   557 | D:1      | Reached XP level 2. HP: 24/24 MP: 2/2
   848 | D:1      | Reached skill level 4 in Shields
  1006 | D:2      | Noticed Ijyb
  1009 | D:2      | Reached XP level 3. HP: 29/29 MP: 3/3
  1018 | D:2      | Killed Ijyb
  1027 | D:2      | Noticed Natasha
  1030 | D:2      | Reached XP level 4. HP: 32/36 MP: 4/4
  1038 | D:2      | Killed from afar by Natasha

Vault maps used:
D:1:      dpeg_arrival_circle_labyrinth_c, serial_corexii_hall,
          corexii_hall_statues_deadend, corexii_hall_statues_x
D:2:      grunt_temple_overflow_open, first_bread, minmay_door_square,
          uniq_crazy_yiuf_cottage, uniq_natasha, uniq_iyjb

Skill      XL: |  1  2 |
---------------+-------+-----
Shields        | 4 |  4.3
Fighting       | |  3.6
Axes           | |  2.5
Armour         | |  3.7

Action                   |  1- 3 |  4- 6 || total
-------------------------+-------+-------++-------
Melee: War axe           |    43 |     7 ||    50
  Use: Potion            |       |     1 ||     1
Armor: Scale mail        |    17 |     9 ||    26
Dodge: Dodged            |    22 |     2 ||    24
Block: Shield            |    31 |    14 ||    45
